 Dungeon Crawl Stone Soup version 0.21-a0-154-gb5400c9 (webtiles) character file.

4853 KarmaPolice the Slicer (level 10, -1/56 HPs)
             Began as a Vine Stalker Assassin on Aug 2, 2017.
             Was a Believer of Cheibriados.
             Slain by a two-headed ogre
             ... wielding a +0 giant club
              (14 damage)
             ... on level 7 of the Dungeon.
             The game lasted 00:42:22 (9707 turns).

KarmaPolice the Slicer (Vine Stalker Assassin)      Turns: 9707, Time: 00:42:22

Health: -1/56      AC: 10    Str: 26    XL:     10   Next: 49%
Magic:  0/15       EV: 11    Int: 16    God:    Cheibriados [**....]
Gold:   339        SH:  0    Dex: 22    Spells: 9/9 levels left

rFire    . . .     SeeInvis .   G - +6 dagger (venom)
rCold    . . .     Gourm    .   (no shield)
rNeg     . . .     Faith    .   L - +3 ring mail {rPois}
rPois    +         Spirit   +   (no helmet)
rElec    .         Reflect  .   d - +0 cloak
rCorr    .         Harm     .   (no gloves)
MR       +....                  (no boots)
Stlth    +++.......             H - amulet of regeneration
HPRegen  0.98/turn              (no ring)
MPRegen  0.14/turn              (no ring)

@: mighty, very slow
A: fangs 3, regeneration 1, magic shield, antimagic bite, no potion heal 3, rot
immunity
a: Bend Time, Renounce Religion


You were on level 7 of the Dungeon.
You worshipped Cheibriados.
Cheibriados was pleased with you.
You were not hungry.

You visited 2 branches of the dungeon, and saw 8 of its levels.
You also visited: Sewer.

You collected 339 gold pieces.

Inventory:

Hand Weapons
 b - a +0 blowgun
 A - a +1 flail of protection
 G - a +6 dagger of venom (weapon)
Missiles
 e - 49 poisoned needles
 f - 2 curare-tipped needles
Armour
 d - a +0 cloak (worn)
 L - a +3 ring mail of poison resistance (worn)
Jewellery
 k - an uncursed amulet of magic regeneration
 H - an amulet of regeneration (around neck)
Wands
 c - a wand of confusion (16/48)
 m - a wand of polymorph (10/24)
 z - a wand of acid (3/15)
 J - a wand of flame (30/48)
 M - a wand of iceblast (5/15)
 P - a wand of polymorph (4/24)
Scrolls
 a - a scroll of blinking
 h - 5 scrolls of teleportation
 i - 3 scrolls of recharging
 p - a scroll of immolation {unknown}
 t - a scroll of enchant weapon {unknown}
 u - a scroll of enchant armour {unknown}
 w - 2 scrolls of noise {unknown}
 y - 8 scrolls of remove curse {unknown}
 E - a scroll of magic mapping {unknown}
 F - 2 scrolls of fog {unknown}
 O - 2 scrolls of identify
Potions
 j - 8 potions of curing
 l - 2 potions of mutation
 n - a potion of cancellation {unknown}
 r - a potion of might
 s - a potion of invisibility {unknown}
 x - 5 potions of flight
 B - 6 potions of brilliance
 C - 3 potions of heal wounds
 D - a potion of agility {unknown}
 I - a potion of berserk rage {unknown}
 N - 3 potions of lignification {unknown}
 S - 2 potions of degeneration {unknown}
Books
 K - a book of Changes

   Spells                             Type                      Level
   a - Beastly Appendage              Transmutation                1
   b - Sticks to Snakes               Transmutation                2
   c - Spider Form                    Transmutation/Poison         3
   d - Ice Form                       Ice/Transmutation            4
   e - Blade Hands                    Transmutation                5
Comestibles
 g - 6 bread rations
 o - 2 royal jellies
 q - 10 fruits
 v - 5 meat rations
 Q - 4 chunks of flesh


   Skills:
 + Level 8.2 Fighting
 + Level 8.3 Short Blades
 - Level 1.7 Throwing
 + Level 4.9 Armour
 - Level 1.0 Dodging
 - Level 4.8 Stealth
 + Level 6.0 Invocations


You had 9 spell levels left.
You didn't know any spells.

Dungeon Overview and Level Annotations

Branches:
Dungeon (7/15)             Temple (1/1) D:5

Altars:
Ashenzari
Cheibriados
Fedhas
Gozag
Hepliaklqana
Kikubaaqudgha
Makhleb
Nemelex Xobeh
Okawaru
Qazlal
Ru
Sif Muna
Trog
Uskayaw
Vehumet
Xom
Yredelemnul

Shops:
D:7 (


Innate Abilities, Weirdness & Mutations

You have razor-sharp teeth.
Your natural rate of healing is unusually fast.
When hurt, damage is shared between your health and your magic reserves.
Your bite disrupts and absorbs the magic of your enemies.
Potions cannot restore your health.
You are immune to rotting.


Message History

The two-headed ogre barely misses you.
You don't have enough magic at the moment.
You don't have enough magic at the moment.
You feel very mighty all of a sudden. The two-headed ogre barely misses you.
The two-headed ogre hits you with a giant club!!
You puncture the two-headed ogre!
The two-headed ogre is poisoned.
You bite the two-headed ogre! You drain its power.
You feel invigorated.
The two-headed ogre is moderately wounded.
The two-headed ogre closely misses you.
The two-headed ogre hits you with a giant club.
You puncture the two-headed ogre!
The two-headed ogre looks as sick as possible!
Your bite misses the two-headed ogre.
The two-headed ogre is heavily wounded.
The two-headed ogre hits you with a giant club! x2
* * * LOW HITPOINT WARNING * * *
The two-headed ogre misses you.
The two-headed ogre hits you with a giant club!!
You die...

#.#.#.....#.##.#
#.#.#######.##.#
#.#..)......##.#
#.############.#
#.# #.# #.# #.#
#.# #.#
#.############.#
#.O@.(......)..#
##############.#
#.# ###


You could see a two-headed ogre.

Vanquished Creatures
  Pikel (D:5)
  A deep elf mage (D:6)
  Joseph (D:7)
  Grinder (D:3)
  A hippogriff (D:6)
  Eustachio (D:6)
  Menkaure (D:7)
  Edmund (D:6)
  Duvessa (D:5)
  The ghost of braks the Digger, an amateur TrEE (Sewer)
  3 orc warriors
  A slave (D:6)
  A phantom (D:6)
  A black bear (D:7)
  6 ogres
  A centaur (D:5)
  Blork the orc (D:4)
  A big kobold (Sewer)
  3 bullfrogs
  Dowan (D:5)
  2 scorpions (D:5)
  3 killer bees (D:7)
  4 wights (D:7)
  A howler monkey (D:5)
  A crimson imp (D:5)
  A jelly (D:7)
  A bullfrog zombie (D:6)
  4 orc priests
  A hound (D:5)
  2 orc wizards (D:6)
  Ijyb (D:3)
  3 iguanas
  3 worker ants
  A hound zombie (D:5)
  A hound skeleton (D:7)
  A worker ant zombie (D:6)
  8 gnolls
  A howler monkey skeleton (D:4)
  10 adders
  A shadow imp (D:7)
  3 oozes
  2 adder skeletons
  2 worms (D:2)
  4 dart slugs (D:1)
  4 leopard geckos
  16 orcs
  A ball python (D:5)
  10 giant cockroaches
  8 goblins
  16 hobgoblins
  14 jackals
  28 kobolds
  6 quokkas
  11 bats
  4 frilled lizards
  A jackal zombie (D:5)
  A leopard gecko skeleton (D:6)
  15 rats
225 creatures vanquished.

Vanquished Creatures (others)
  3 slaves (D:6)
  A howler monkey (D:6)
  A gnoll shaman (D:6)
  A gnoll (D:6)
6 creatures vanquished.

Grand Total: 231 creatures vanquished

Notes
Turn   | Place    | Note
-------+----------+-------------------------------------------
     0 | D:1      | KarmaPolice the Vine Stalker Assassin began the quest for the Orb.
     0 | D:1      | Reached XP level 1. HP: 11/11 MP: 2/2
    58 | D:1      | Reached XP level 2. HP: 13/15 MP: 3/3
   209 | D:1      | Reached XP level 3. HP: 11/19 MP: 4/4
   404 | D:1      | Reached skill level 1 in Armour
  1098 | D:2      | Gained mutation: Your natural rate of healing is unusually fast. [Vine Stalker growth]
  1098 | D:2      | Reached XP level 4. HP: 23/23 MP: 5/5
  1667 | D:2      | Reached XP level 5. HP: 22/28 MP: 4/6
  2117 | D:3      | Noticed Grinder
  2141 | D:3      | Killed Grinder
  2141 | D:3      | Reached XP level 6. HP: 8/33 MP: 2/7
  2342 | D:3      | Found a glowing drain.
  2552 | Sewer    | Entered a sewer
  2566 | Sewer    | Noticed braks's ghost (amateur TrEE)
  2626 | Sewer    | Killed braks's ghost
  2626 | Sewer    | Reached XP level 7. HP: 20/37 MP: 6/8
  3423 | D:3      | Noticed Ijyb
  3433 | D:3      | Killed Ijyb
  3435 | D:3      | HP: 1/38 [poisoned by Ijyb]
  3926 | D:4      | Noticed Blork the orc
  3927 | D:4      | Killed Blork the orc
  4286 | D:4      | Reached skill level 5 in Short Blades
  4286 | D:4      | Gained mutation: You have razor-sharp teeth. [Vine Stalker growth]
  4286 | D:4      | Reached XP level 8. HP: 28/42 MP: 9/9
  4666 | D:4      | Reached skill level 5 in Fighting
  5414 | D:3      | Found a hide-covered altar of Uskayaw.
  5414 | D:3      | Found a sacrificial altar of Ru.
  5490 | D:5      | Entered Level 5 of the Dungeon
  5582 | D:5      | Noticed Duvessa
  5587 | D:5      | Noticed Dowan
  5650 | D:5      | Killed Duvessa
  5707 | D:5      | Killed Dowan
  5730 | D:5      | Found a snail-covered altar of Cheibriados.
  5732 | D:5      | Found a shimmering altar of Xom.
  5732 | D:5      | Found a blossoming altar of Fedhas.
  5739 | D:5      | Found a bloodstained altar of Trog.
  5739 | D:5      | Found a shadowy altar of Dithmenos.
  5739 | D:5      | Found an opulent altar of Gozag.
  5846 | D:5      | Found a staircase to the Ecumenical Temple.
  5866 | Temple   | Entered the Ecumenical Temple
  5961 | Temple   | Became a worshipper of Cheibriados the Contemplative
  6305 | D:5      | Reached skill level 1 in Invocations
  6442 | D:5      | Reached XP level 9. HP: 48/48 MP: 11/11
  6482 | D:6      | Noticed Pikel
  6510 | D:5      | Killed Pikel
  6622 | D:6      | Noticed Eustachio
  6683 | D:6      | Killed Eustachio
  6923 | D:6      | Noticed Edmund
  6961 | D:6      | Killed Edmund
  7404 | D:6      | Noticed a deep elf mage
  7410 | D:6      | Noticed an orange demon
  7416 | D:6      | Killed a deep elf mage
  7416 | D:6      | Reached * piety under Cheibriados
  7557 | D:6      | Reached skill level 5 in Invocations
  7668 | D:6      | Reached XP level 10. HP: 54/55 MP: 14/14
  7843 | D:6      | Reached skill level 1 in Dodging
  8388 | D:7      | Noticed Menkaure
  8951 | D:7      | Found Loaplus's Antique Weapon Boutique.
  8994 | D:7      | Reached ** piety under Cheibriados
  9141 | D:7      | Found a basalt altar of Yredelemnul.
  9347 | D:7      | Killed Menkaure
  9401 | D:7      | Noticed Joseph
  9425 | D:7      | Killed Joseph
  9651 | D:7      | Noticed a two-headed ogre
  9707 | D:7      | Slain by a two-headed ogre

Vault maps used:
D:1:      shiori_arrival_oz, minmay_tetromino_o4
D:2:      first_bread
D:3:      nicolae_overflow_hidden_temple, portal_sewer_entry_a, st_stairs_3,
          uniq_grinder, uniq_ijyb
D:4:      grunt_ministairs_8, fountainhead, uniq_blork_the_orc
D:5:      minmay_temple_entry_purple_smoke, doesnt_xom_only_xom, uniq_duvessa
D:6:      guppyfry_early_elven_hall, uniq_edmund, uniq_pikel, uniq_eustachio
D:7:      lemuel_round_altar, serial_shops, nicolae_shop_overgrown_old_shop,
          uniq_joseph, uniq_menkaure
Temple:   hc_temple_tempest_star
Sewer:    kennysheep_pipe_town

Skill      XL: |  1  2  3  4  5  6  7  8  9 10 |
---------------+-------------------------------+-----
Fighting       | 2 3 4 6 7 8 |  8.2
Short Blades   | 2 3 4 5 6 7 8 |  8.3
Armour         | 1 2 3 4 |  4.9
Invocations    | 2 5 6 |  6.0
Dodging        | 1 |  1.0
Throwing       | |  1.7
Stealth        | |  4.8

Action                   |  1- 3 |  4- 6 |  7- 9 | 10-12 || total
-------------------------+-------+-------+-------+-------++-------
Melee: Dagger            |    84 |   229 |   297 |   130 ||   740
       Bite              |    12 |    58 |    98 |    64 ||   232
Invok: Bend Time         |       |       |     2 |     2 ||     4
Evoke: Wand              |       |       |     6 |     3 ||     9
  Use: Scroll            |       |       |     7 |     2 ||     9
       Potion            |       |       |     2 |     1 ||     3
 Stab: Sleeping          |    10 |    13 |     9 |     7 ||    39
       Distracted        |     1 |       |       |       ||     1
       Paralysed         |       |       |     1 |       ||     1
  Eat: Chunk             |     1 |     5 |    11 |     3 ||    20
       Meat ration       |       |       |     1 |       ||     1
Armor: Robe              |    19 |    40 |    42 |       ||   101
       Ring mail         |       |       |       |    28 ||    28
Dodge: Dodged            |    37 |   122 |   141 |    47 ||   347
